 Dungeon Crawl Stone Soup version 0.18.1-47-g9310371 (webtiles) character file.

158 dvd the Skirmisher (level 5, -7/63 HPs)
             Began as a Human Berserker on June 16, 2016.
             Was a Priest of Trog.
             Killed by divine providence
             ... invoked by an orc priest
              (14 damage)
             ... on level 3 of the Dungeon on June 17, 2016.
             The game lasted 00:06:27 (2196 turns).

dvd the Skirmisher (Human Berserker)                Turns: 2196, Time: 00:06:27

Health: -7/63      AC:  6    Str: 24    XL:     5   Next: 67%
Magic:  5/5        EV: 12    Int:  7    God:    Trog [***...]
Gold:   117        SH:  0    Dex: 12    Spells: 0 memorised, 4 levels left

rFire  . . .     SeeInvis .     a - +0 mace
rCold  . . .     Gourm    .     e - +0 ring mail
rNeg   . . .     Faith    +     (no shield)
rPois  .         Spirit   .     (no helmet)
rElec  .         Dismiss  .     (no cloak)
rCorr  .         Reflect  .     (no gloves)
SustAt .         Harm     .     p - +0 pair of boots
MR     ++...                    q - amulet of faith
Stlth  ..........               (no ring)
                                (no ring)

@: berserking, regenerating, very quick, very resistant to hostile enchantments,
extremely unstealthy
A: no striking features
a: Berserk, Trog's Hand, Burn Spellbooks, Renounce Religion


You were on level 3 of the Dungeon.
You worshipped Trog.
Trog was most pleased with you.
You were hungry.

You visited 1 branch of the dungeon, and saw 3 of its levels.

You collected 117 gold pieces.

Inventory:

Hand Weapons
 a - a +0 mace (weapon)
 b - a +0 hunting sling
 n - a +0 hand axe
Missiles
 r - 11 sling bullets
 w - 53 stones (quivered)
Armour
 e - a +0 ring mail (worn)
 g - a +0 animal skin
 p - a +0 pair of boots (worn)
Jewellery
 q - an amulet of faith (around neck)
Scrolls
 d - a scroll of enchant weapon {unknown}
 f - a scroll of remove curse
 h - 3 scrolls of random uselessness {unknown}
 j - 4 scrolls of teleportation {unknown}
 l - a scroll of noise {unknown}
 m - a scroll of magic mapping {unknown}
 o - 4 scrolls of identify {unknown}
 u - 2 scrolls of blinking {unknown}
 y - a scroll of immolation {unknown}
Potions
 s - a potion of lignification {unknown}
 t - a potion of curing {unknown}
 v - a potion of mutation {unknown}
 x - a potion of degeneration {unknown}
Comestibles
 c - 2 bread rations
 i - 2 beef jerkies
 k - 3 chunks of flesh
 z - a meat ration
 A - a royal jelly


   Skills:
 + Level 3.8 Fighting
 + Level 3.7 Maces & Flails
 + Level 3.0 Armour
 + Level 3.4 Dodging
 + Level 0.4 Stealth


You had 4 spell levels left.
You didn't know any spells.

Dungeon Overview and Level Annotations

Branches:
Dungeon (3/15)

Altars:
Ashenzari
Gozag
Qazlal
Sif Muna

Shops:
D:2 *


Message History

You barely miss the orc.
The orc priest invokes the aid of Beogh against you.
Beogh smites you!
* * * LOW HITPOINT WARNING * * *
The orc barely misses you.
Unknown command.
Drink which item? (? for menu, Esc to quit)
Okay, then.
Unknown command.
A red film seems to cover your vision as you go berserk!
You feel yourself moving faster!
You feel mighty!
You feel somewhat more hungry.
The orc priest hits you but does no damage.
The orc hits you with a falchion.
* * * LOW HITPOINT WARNING * * *
You thump the orc priest!
The orc priest is severely wounded.
The orc priest mumbles some strange prayers to Beogh against you.
Beogh smites you!
You die...

#..##..#..# ###......†....
..>.......###...........##
..........#.............##
.........<.....(.......###
......................#...
<.................##......
..........................
..................#..?#...
.........@o...............
.........o.............
.................##....
..........(.....## .#.
....###....###(... # ...#
..#..#. #.(.. .. ⌠.#..#.⌠
.... .$.#≈≈#(.


You could see an orc priest and an orc.

Vanquished Creatures
  4 gnolls (D:2)
  2 adders (D:2)
  2 oozes (D:2)
  4 worms
  A dart slug (D:2)
  5 giant geckos
  4 orcs (D:3)
  A giant cockroach (D:2)
  7 hobgoblins
  8 jackals
  6 kobolds
  3 ball pythons
  9 bats
  2 giant newts
  5 goblins
  6 rats
69 creatures vanquished.

Notes
Turn   | Place    | Note
--------------------------------------------------------------
     0 | D:1      | dvd the Human Berserker began the quest for the Orb.
     0 | D:1      | Reached XP level 1. HP: 18/18 MP: 1/1
   186 | D:1      | Reached XP level 2. HP: 24/24 MP: 2/2
   572 | D:1      | Reached XP level 3. HP: 28/29 MP: 3/3
   740 | D:1      | Reached ** piety under Trog
  1007 | D:2      | Reached XP level 4. HP: 36/36 MP: 4/4
  1261 | D:2      | Found a stormy altar of Qazlal.
  1296 | D:2      | Found a shattered altar of Ashenzari.
  1465 | D:2      | Reached XP level 5. HP: 40/42 MP: 5/5
  1471 | D:2      | Found Gozag's Platinum Reserve.
  1475 | D:2      | Found an opulent altar of Gozag.
  1494 | D:2      | Found a deep blue altar of Sif Muna.
  1662 | D:2      | Reached *** piety under Trog
  2196 | D:3      | Killed from afar by an orc priest

Skill      XL: |  1  2  3  4  5 |
---------------+----------------+-----
Dodging        | 3 |  3.4
Armour         | 3 |  3.0
Fighting       | |  3.8
Maces & Flails | |  3.7
Stealth        | |  0.4

Action                   |  1- 3 |  4- 6 || total
-------------------------+-------+-------++-------
Melee: Mace              |    93 |   135 ||   228
 Fire: Hunting sling     |       |    12 ||    12
Invok: Berserk           |     1 |     2 ||     3
       Trog's Hand       |       |     1 ||     1
  Use: Scroll            |       |     1 ||     1
  Eat: Chunk             |       |     6 ||     6
Armor: Animal skin       |     5 |       ||     5
       Ring mail         |    44 |    51 ||    95
Dodge: Dodged            |    90 |   104 ||   194
